 Dungeon Crawl Stone Soup version 0.18-a0-971-g0af6217 (webtiles) character file.

30249 M4edhros the Covert (level 13, -7/72 HPs)
             Began as an Octopode Artificer on Jan 2, 2016.
             Was the Champion of Okawaru.
             Engulfed by a cloud of freezing vapour (15 damage)
             ... in an ice cave.
             The game lasted 01:09:34 (16346 turns).

M4edhros the Covert (Octopode Artificer)           Turns: 16346, Time: 01:09:34

Health: -7/72      AC:  8    Str: 11    XL:     13   Next: 50%
Magic:  17/19      EV: 19    Int: 23    God:    Okawaru [******]
Gold:   739        SH:  6    Dex: 16    Spells: 3 memorised, 5 levels left

rFire  . . .     SeeInvis .     q - +4 hunting sling (velocity)
rCold  . . .     Gourm    .     X - +0 buckler {AC+3}
rNeg   + . .     Faith    +     b - +1 hat
rPois  +         Spirit   .     z - amulet of faith
rElec  +         Dismiss  .     u - ring of poison resistance
rCorr  .         Reflect  .     K - +6 ring of slaying
SustAt +         Harm     .     U - ring of stealth
MR     +....     Clarity  +     k - +3 ring of intelligence
Stlth  ++++++++..               I - ring of protection from magic
                                T - ring of wizardry
                                Q - ring of Patutuda {SustAt rElec rN+ Dex+3}
                                (no ring)

@: repel missiles, somewhat resistant to hostile enchantments, extraordinarily
stealthy
A: almost no armour, amphibious, 8 rings, constrict 8, yellow scales 1,
camouflage 1, clarity, clever 1, frail 1, shaggy fur 1, wild magic 1, gelatinous
body 1, no device heal 1, MP-powered wands
a: Heroism, Finesse, Renounce Religion


You were in an ice cave.
You worshipped Okawaru.
Okawaru was exalted by your worship.
You were not hungry.

You visited 2 branches of the dungeon, and saw 15 of its levels.
You also visited: Labyrinth and Ice Cave.

You collected 1169 gold pieces.
You spent 430 gold pieces at shops.

Inventory:

Hand Weapons
 a - a +2 short sword of venom
 l - a +2 whip of electrocution
 q - a +4 hunting sling of velocity (weapon)
 O - a +4 short sword of draining
Missiles
 j - 8 steel sling bullets
 m - 23 poisoned sling bullets
 p - 187 stones (quivered)
 r - 66 sling bullets
 E - 14 exploding sling bullets
 L - 62 sling bullets of flame
 P - 19 sling bullets of frost
 V - 35 silver sling bullets
Armour
 b - a +1 hat (worn)
 X - a +0 buckler of protection (worn)
Magical Staves
 Y - an uncursed staff of wizardry
Jewellery
 k - a +3 ring of intelligence (on tentacle)
 u - a ring of poison resistance (left tentacle)
 z - an amulet of faith (around mantle)
 I - a ring of protection from magic (on tentacle)
 K - a +6 ring of slaying (right tentacle)
 M - an uncursed amulet of rage {unknown}
 Q - the ring of Patutuda (on tentacle) {SustAt rElec rN+ Dex+3}
   (You found it in an ice cave)

   [ring of sustain attributes]

   It sustains your strength, intelligence and dexterity.
   It affects your dexterity (+3).
   It insulates you from electricity.
   It protects you from negative energy.
 S - an uncursed ring of fire
 T - a ring of wizardry (on tentacle)
 U - a ring of stealth (on tentacle)
Wands
 c - a wand of enslavement (12/24)
 d - a wand of teleportation (6/9)
 f - a wand of flame (1/48)
 v - a wand of digging (16/24)
 y - a wand of paralysis (8/24)
 B - a wand of confusion (14/48)
 G - a wand of teleportation (4/9)
Scrolls
 g - 3 scrolls of fear
 s - 2 scrolls of magic mapping
 H - 7 scrolls of teleportation
 N - 2 scrolls of recharging
Potions
 i - 2 potions of cure mutation {unknown}
 o - 3 potions of magic
 t - 4 potions of curing
 x - 4 potions of might
 A - 4 potions of agility
 F - 3 potions of haste
 Z - a potion of lignification
Miscellaneous
 e - a stone of tremors
 h - a lantern of shadows
Comestibles
 w - 5 slices of pizza
 C - 6 meat rations
 D - a royal jelly
 J - 3 chunks of flesh
 W - 12 fruits


   Skills:
 + Level 4.4 Fighting
 - Level 1.0 Short Blades
 * Level 11.0 Slings
 + Level 10.5 Dodging
 - Level 13.6 Stealth
 * Level 6.6 Shields
 * Level 2.0 Spellcasting
 - Level 2.2 Conjurations
 - Level 1.8 Charms
 * Level 5.3 Transmutations
 - Level 2.1 Air Magic
 * Level 4.9 Earth Magic
 - Level 2.3 Poison Magic
 - Level 8.2 Evocations


You had 5 spell levels left.
You knew the following spells:

 Your Spells              Type           Power        Failure   Level  Hunger
a - Repel Missiles        Chrm/Air       ###...       9%          2    ##.....
b - Mephitic Cloud        Conj/Pois/Air  ###.....     12%         3    ###....
c - Statue Form           Trmt/Erth      #####....    95%         6    #######


Dungeon Overview and Level Annotations

Branches:
Dungeon (14/15)            Temple (1/1) D:5            Lair (0/8) D:10
    Orc (0/2) D:11
 Vaults: D:13-14

Altars:
Ashenzari
Cheibriados
Dithmenos
Elyvilon
Fedhas
Gozag
Kikubaaqudgha
Makhleb
Nemelex Xobeh
Okawaru
Qazlal
Ru
Sif Muna
Trog
Vehumet
Xom
Yredelemnul
Zin
The Shining One
Beogh

Shops:
D:4 [   D:5 =   D:10 ([[::

Annotations:
D:8 Erolcha


Innate Abilities, Weirdness & Mutations

You cannot wear most types of armour.
You are amphibious.
You can wear up to eight rings at the same time.
You can use your tentacles to constrict eight enemies at once.
Your skin changes colour to match your surroundings (Stealth).
Your rubbery body absorbs attacks (AC +1).
You are partially covered in yellow scales (AC +2).
You possess an exceptional clarity of mind.
Your mind is acute. (Int +2)
You are frail (-10% HP).
You are covered in fur (AC +1).
Your spells are a little harder to cast, but a little more powerful.
Potions and wands are less effective at restoring your health.
You expend magic power (3 MP) to strengthen your wands.


Message History

You are engulfed in freezing vapours.
* * * LOW HITPOINT WARNING * * *
Drink which item? (? for menu, Esc to quit)
Okay, then.
Drink which item? (? for menu, Esc to quit)
Okay, then.
Read which item? (? for menu, Esc to quit)
Okay, then.
Drink which item? (? for menu, Esc to quit)
You feel much better.
You are engulfed in freezing vapours.
Evoke which item? (* to show all) (? for menu, Esc to quit)
Zapping:
f - a wand of flame (will waste charges)
Press: ? - help, Shift-Dir - straight line You hear a sizzling sound!
Evoking this partially-identified wand wasted a few charges.
You are engulfed in freezing vapours.
* * * LOW HITPOINT WARNING * * *
You start resting.
You are engulfed in freezing vapours.
You die...

######## ##.#....##
#.)..##..##
##..####..#
###..###§§# #
#..##§§§##
###...##§§.## ####
##...####§..# ##..#
...####.#§#####§@.#
†.## #§#§##§§§##.#
.## ##§§§§#### # ##
######


There were no monsters in sight!

Vanquished Creatures
  A minotaur (Lab)
  3 hydras
  3 centaur warriors (D:13)
  6 hill giants
  Pikel (D:6)
  7 ugly things
  A manticore (D:12)
  Maurice (D:8)
  A deep elf mage (D:14)
  2 gargoyles
  Psyche (D:9)
  A komodo dragon (D:10)
  A polar bear (IceCv)
  A minotaur zombie (Lab)
  Prince Ribbit (D:8)
  4 trolls
  A two-headed ogre (D:12)
  A trapdoor spider zombie (D:10)
  2 minotaur skeletons (Lab)
  A centaur simulacrum (D:14)
  2 trapdoor spiders
  Sigmund (D:2)
  A shadow (Lab)
  3 wyverns
  12 yaks
  13 hungry ghosts
  A wraith (D:12)
  A hippogriff (shapeshifter) (D:13)
  Grum (D:9)
  2 basilisks
  2 hippogriffs
  A mottled dragon (D:13)
  4 wolves
  7 orc warriors
  5 sky beasts
  3 black bears
  7 ogres
  2 phantoms
  11 ice beasts
  12 centaurs
  An eye of draining (D:12)
  The ghost of 4thArraOfDagon the Gusty, an amateur CeAE of Yredelemnul (D:7)
  3 big kobolds (D:8)
  A crocodile (D:7)
  11 giant frogs
  2 earth elementals (Lab)
  2 scorpions
  8 killer bees
  2 spriggan skeletons (Lab)
  12 wights
  3 troll skeletons (Lab)
  8 crimson imps
  2 giant frog zombies
  Crazy Yiuf (D:2)
  4 centaur zombies
  A hound (D:11)
  4 jellies
  A giant frog skeleton (D:3)
  A gnoll shaman (D:8)
  7 orc priests
  3 centaur skeletons
  Jessica (D:2)
  6 iguanas
  6 worker ants
  Natasha (thrice) (D:2)
  18 orc wizards
  2 sheep (D:8)
  3 ogre skeletons (Lab)
  A hound skeleton (D:4)
  A hound zombie (D:11)
  2 worker ant zombies (D:10)
  16 adders
  3 gnolls (D:4)
  3 shadow imps
  2 adder skeletons
  A worm (D:3)
  10 giant geckos
  60 orcs
  2 ball pythons (D:5)
  8 bats
  4 giant cockroaches
  10 goblins
  9 hobgoblins
  9 jackals
  2 quokkas (D:8)
  4 giant newts
  11 kobolds
  8 rats
414 creatures vanquished.

Vanquished Creatures (collateral kills)
  An orc priest (D:4)
  4 orcs (D:4)
  A ball python (D:2)
6 creatures vanquished.

Vanquished Creatures (others)
  A yak (IceCv)
  A wolf (D:9)
  A quasit (D:6)
  A fungus (D:2)
  8 plants (D:10)
12 creatures vanquished.

Grand Total: 432 creatures vanquished

Notes
Turn   | Place    | Note
--------------------------------------------------------------
     0 | D:1      | M4edhros the Octopode Artificer began the quest for the Orb.
     0 | D:1      | Reached XP level 1. HP: 13/13 MP: 3/3
   159 | D:1      | Reached XP level 2. HP: 15/18 MP: 4/4
   713 | D:1      | Reached XP level 3. HP: 23/23 MP: 5/5
   941 | D:2      | Found a glowing golden altar of the Shining One.
  1025 | D:2      | Noticed Natasha
  1036 | D:2      | Killed Natasha
  1036 | D:2      | Reached skill level 1 in Slings
  1036 | D:2      | Reached XP level 4. HP: 15/28 MP: 6/6
  1043 | D:2      | Noticed Natasha
  1300 | D:2      | Killed Natasha
  1453 | D:2      | Noticed Natasha
  2068 | D:2      | Killed Natasha
  2068 | D:2      | Reached XP level 5. HP: 5/33 MP: 7/7
  2300 | D:2      | Noticed Sigmund
  2330 | D:2      | Killed Sigmund
  2330 | D:2      | Reached skill level 4 in Stealth
  2330 | D:2      | Reached XP level 6. HP: 10/38 MP: 7/9
  2628 | D:2      | Noticed Crazy Yiuf
  3001 | D:4      | Found Cixolew's Antique Armour Boutique.
  3036 | D:4      | Reached skill level 5 in Stealth
  3209 | D:4      | Found a shadowy altar of Dithmenos.
  3320 | D:4      | Reached XP level 7. HP: 37/43 MP: 10/10
  4135 | D:5      | Entered Level 5 of the Dungeon
  4276 | D:5      | Found Kiukho Weena's Jewellery Shop.
  4402 | D:5      | Gained mutation: One of your tentacles bears a spike. [mutagenic meat]
  4405 | D:5      | Gained mutation: Scrolls take you a little longer to read. [mutagenic meat]
  4406 | D:5      | Gained mutation: You are frail (-10% HP). [mutagenic meat]
  4473 | D:5      | Reached skill level 5 in Dodging
  4515 | D:5      | Found a staircase to the Ecumenical Temple.
  4527 | Temple   | Entered the Ecumenical Temple
  4728 | Temple   | Became a worshipper of Warmaster Okawaru
  4928 | D:2      | Noticed Jessica
  4934 | D:2      | Killed Jessica
  5009 | D:2      | Killed Crazy Yiuf
  5009 | D:2      | Reached skill level 6 in Stealth
  5632 | D:5      | Reached skill level 7 in Stealth
  5632 | D:5      | Reached XP level 8. HP: 43/43 MP: 11/11
  5697 | D:5      | Reached skill level 5 in Evocations
  5817 | D:5      | Gained mutation: You possess an exceptional clarity of mind. [potion of beneficial mutation]
  5859 | D:5      | Reached * piety under Okawaru
  6751 | D:6      | Reached skill level 8 in Stealth
  6825 | D:6      | Found a basalt altar of Yredelemnul.
  6851 | D:6      | Reached skill level 5 in Slings
  6919 | D:6      | Gained mutation: You expend magic power (3 MP) to strengthen your wands. [mutagenic meat]
  6920 | D:6      | Gained mutation: Your spells are a little harder to cast, but a little more powerful. [mutagenic meat]
  6921 | D:6      | Gained mutation: Your body sometimes deteriorates upon taking damage. [mutagenic meat]
  6922 | D:6      | Gained mutation: You are partially covered in yellow scales (AC +2). [mutagenic meat]
  7049 | D:6      | Reached XP level 9. HP: 47/47 MP: 13/13
  7176 | D:6      | Found a stormy altar of Qazlal.
  7177 | D:6      | Found a shattered altar of Ashenzari.
  7366 | D:6      | Noticed Pikel
  7397 | D:6      | Killed Pikel
  7397 | D:6      | Reached ** piety under Okawaru
  7397 | D:6      | Reached skill level 9 in Stealth
  7440 | D:6      | Found a white marble altar of Elyvilon.
  7781 | D:7      | Reached *** piety under Okawaru
  7818 | D:7      | Reached skill level 10 in Stealth
  7839 | D:7      | Found an ancient bone altar of Kikubaaqudgha.
  7844 | D:7      | Noticed 4thArraOfDagon's ghost (amateur CeAE)
  7853 | D:7      | Killed 4thArraOfDagon's ghost
  8008 | D:7      | Found a shimmering altar of Xom.
  8016 | D:7      | Noticed an angel
  8019 | D:7      | Found a glowing silver altar of Zin.
  8068 | D:7      | Reached XP level 10. HP: 52/52 MP: 14/14
  8081 | D:7      | Found a sparkling altar of Nemelex Xobeh.
  8758 | D:8      | Received a gift from Okawaru
  8811 | D:8      | Reached skill level 11 in Stealth
  8863 | D:8      | Noticed a three-headed hydra
  8997 | D:8      | Killed a three-headed hydra
  8997 | D:8      | Reached **** piety under Okawaru
  8997 | D:8      | Received a gift from Okawaru
  9264 | D:8      | Noticed Maurice
  9284 | D:8      | Killed Maurice
  9365 | D:8      | Noticed Prince Ribbit
  9408 | D:8      | Found a radiant altar of Vehumet.
  9408 | D:8      | Found a burning altar of Makhleb.
  9543 | D:8      | Killed Prince Ribbit
  9543 | D:8      | Reached skill level 12 in Stealth
  9590 | D:8      | Noticed Erolcha
  9663 | D:9      | Reached ***** piety under Okawaru
  9678 | D:9      | Reached XP level 11. HP: 49/56 MP: 16/16
 10033 | D:9      | Noticed Psyche
 10057 | D:9      | Killed Psyche
 10072 | D:9      | Reached skill level 1 in Shields
 10151 | D:9      | Found a roughly hewn altar of Beogh.
 10284 | D:9      | Noticed Grum
 10307 | D:9      | Killed Grum
 10424 | D:9      | Found a snail-covered altar of Cheibriados.
 10454 | D:10     | Entered Level 10 of the Dungeon
 10454 | D:10     | Found Tavuuwk's Book Shoppe.
 10590 | D:10     | Found Panworch's Book Shop.
 10617 | D:10     | Bought a book of Minor Magic for 300 gold pieces
 10620 | D:10     | Learned a level 2 spell: Repel Missiles
 10624 | D:10     | Learned a level 3 spell: Mephitic Cloud
 10656 | D:10     | Found a staircase to the Lair.
 10700 | D:10     | Found Cividghia's Antique Armour Emporium.
 10710 | D:10     | Bought a glowing buckler for 94 gold pieces
 10782 | D:10     | Found Foanuc's Antique Weapon Boutique.
 10815 | D:10     | Bought a runed hunting sling for 36 gold pieces
 10816 | D:10     | Found Nasaadug's Armour Emporium.
 10817 | D:10     | Noticed a hill giant
 10825 | D:10     | Killed a hill giant
 10825 | D:10     | Received a gift from Okawaru
 10825 | D:10     | Received a gift from Okawaru
 11078 | D:10     | Received a gift from Okawaru
 11078 | D:10     | Reached skill level 1 in Conjurations
 11214 | D:11     | Found a labyrinth entrance.
 11219 | D:11     | Reached skill level 1 in Poison Magic
 11232 | D:11     | Reached skill level 1 in Spellcasting
 11232 | D:11     | Reached skill level 1 in Air Magic
 11290 | Lab      | Entered a labyrinth
 11389 | Lab      | Received a gift from Okawaru
 11569 | Lab      | Reached skill level 1 in Charms
 11592 | Lab      | Reached skill level 13 in Stealth
 12237 | Lab      | Reached XP level 12. HP: 64/64 MP: 18/18
 12688 | Lab      | Noticed a minotaur
 12697 | Lab      | Killed a minotaur
 12755 | Lab      | Learned a level 6 spell: Statue Form
 13192 | D:11     | Reached skill level 1 in Transmutations
 13218 | D:11     | Reached ****** piety under Okawaru
 13218 | D:11     | Reached skill level 1 in Earth Magic
 13427 | D:11     | Reached skill level 10 in Dodging
 13583 | D:11     | Found a staircase to the Orcish Mines.
 13721 | D:12     | Noticed a five-headed hydra
 13730 | D:12     | Killed a five-headed hydra
 13730 | D:12     | Reached skill level 10 in Slings
 13760 | D:12     | Received a gift from Okawaru
 14261 | D:12     | Received a gift from Okawaru
 14261 | D:12     | Reached skill level 5 in Shields
 14328 | D:12     | Lost mutation: You are frail (-10% HP). [mutagenic meat]
 14411 | D:12     | Received a gift from Okawaru
 14665 | D:13     | Noticed a seven-headed hydra
 14675 | D:13     | Killed a seven-headed hydra
 14791 | D:13     | Reached XP level 13. HP: 60/78 MP: 19/19
 14804 | D:13     | Received a gift from Okawaru
 15274 | D:13     | Found a shimmering altar of Xom.
 15304 | D:13     | Received a gift from Okawaru
 15923 | D:14     | Reached skill level 5 in Transmutations
 15941 | D:14     | Received a gift from Okawaru
 15946 | D:14     | Lost mutation: One of your tentacles bears a spike. [mutagenic meat]
 15947 | D:14     | Gained mutation: Potions and wands are less effective at restoring your health. [mutagenic meat]
 15988 | D:14     | Gained mutation: Your mind is acute. (Int +2) [mutagenic meat]
 15989 | D:14     | Gained mutation: You are covered in fur (AC +1). [mutagenic meat]
 15990 | D:14     | Lost mutation: Scrolls take you a little longer to read. [mutagenic meat]
 15995 | D:14     | Lost mutation: Your body sometimes deteriorates upon taking damage. [mutagenic meat]
 15996 | D:14     | Gained mutation: You are frail (-10% HP). [mutagenic meat]
 16034 | D:14     | Found a frozen archway.
 16109 | IceCv    | Entered an ice cave
 16321 | IceCv    | Got a twitching steel ring
 16326 | IceCv    | Identified the ring of Patutuda {SustAt rElec rN+ Dex+3} (You found it in an ice cave)
 16346 | IceCv    | Engulfed by a cloud of freezing vapour

Vault maps used:
D:1:      dpeg_arrival_yet_another_circle, minivault_5
D:2:      tso_metal_star, uniq_natasha, uniq_jessica, uniq_sigmund,
          uniq_crazy_yiuf_cottage
D:3:      kennysheep_generic_room_7
D:4:      lemuel_round_altar, serial_shops, nicolae_shop_statue_plus,
          first_bread
D:5:      minmay_temple_entry_purple_smoke, serial_shops,
          nicolae_shop_competitors_out_of_business
D:6:      kennysheep_ying_yang, nicolae_overflow_hidden_temple, serial_glass,
          glass_columns_c, glass_columns_a, uniq_pikel
D:7:      grunt_temple_overflow_order_and_chaos_1, lemuel_doored_altar,
          kiku_gazebo_pond_becter, corexii_hall_statues_u
D:8:      grunt_temple_overflow_lords_of_destruction,
          lemuel_coloured_pillars_altar, st_stairs_3, hangedman_ranch,
          uniq_prince_ribbit1, uniq_maurice, uniq_erolcha
D:9:      kennysheep_mini_moat, special_room, minmay_misc_feat_room, uniq_grum,
          uniq_psyche
D:10:     david_lair_shrubbed, serial_shops, nicolae_shop_crystal, shop,
          nicolae_shop_statue_plus, shop_statue, shop
D:11:     orc_0_dummy, lab_entry_generic
D:13:     basic_altar
D:14:     erik_vaults_1, portal_ice_cave_entry_ice_beasts, serial_bayou_ford_a
Temple:   hc_temple_tempest_star_small
Lab:      labyrinth_hidden_loot, labyrinth_glass_1, nicolae_lab_flowing_pool,
          lab_hedge, nicolae_lab_hexagon, lab_fountain, nicolae_lab_plus,
          labyrinth_skeletal_remains, nicolae_lab_garden, nicolae_lab_starburst,
          nicolae_lab_statue, nicolae_lab_arrow, nicolae_lab_t_cross,
          nicolae_lab_blocks, nicolae_lab_dead_end, nicolae_lab_checkerboard
IceCv:    ice_cave_caverns_03

Action                   |  1- 3 |  4- 6 |  7- 9 | 10-12 | 13-15 || total
-------------------------+-------+-------+-------+-------+-------++-------
Melee: Short sword       |    58 |    93 |    22 |    11 |     1 ||   185
       Whip              |       |       |   197 |       |       ||   197
 Fire: Hunting sling     |       |       |   130 |   907 |   199 ||  1236
 Cast: Mephitic Cloud    |       |       |       |     4 |    13 ||    17
       Repel Missiles    |       |       |       |     1 |     2 ||     3
Invok: Heroism           |       |       |       |       |     1 ||     1
Evoke: Wand              |     2 |    15 |    30 |    11 |     2 ||    60
  Use: Scroll            |       |     3 |    10 |    13 |     2 ||    28
       Potion            |       |       |     5 |     8 |     3 ||    16
 Stab: Sleeping          |     8 |     9 |    16 |     1 |       ||    34
       Distracted        |       |       |     3 |       |       ||     3
       Paralysed         |       |       |    21 |     3 |     1 ||    25
  Eat: Chunk             |       |     3 |    18 |    11 |    15 ||    47
       Bread ration      |       |     1 |       |     3 |       ||     4
       Meat ration       |       |       |     1 |     1 |       ||     2
       Pizza             |       |       |       |     2 |       ||     2
       Beef jerky        |       |       |       |     1 |       ||     1
